AoeStats
← somohano89

Oasis

509290475Analyzed
4v4 RM · 6d ago on Sep 26, 2026· 31m 42s· 8 players
Game mode
Random Map
Map size
Large (8 player)
Population
200
Speed
Normal
Resources
Standard
Victory
Conquest
Starting age
Dark Age
Ending age
Imperial Age
RankedLock teamsTeams togetherTeam positionsShared explorationLock speedFull tech treeHidden civsTurbo modeCheats
Victory
Defeat
🇲🇽 Wei · Mexico
1187
+12
🇵🇪 Ethiopians · Peru
1138
+14
🇺🇸 Maya · United States
1121
+15
🇲🇽 Franks · Mexico
1039
+18
🇪🇸 Inca · Spain
1134
-16
🇨🇳 Spanish · China
1111
-15
1102
-15
🇲🇽 Persians · Mexico
1058
-13
ULIMA | I AM Chris Fernando
13:01 Feudal Age
17:04 Castle Age
17:09 Loom
17:59 Wheelbarrow
17:12 Double-Bit Axe
17:20 Gold Mining
18:59 Bow Saw
20:46 Scale Barding Armor
24:56 Forging
24:46 Horse Collar
28:28 Fletching
29:05 Bodkin Arrow
29:22 Murder Holes
31:13 Hand Cart
32:16 Bloodlines
kenshin_01984
6:39 Loom
9:08 Feudal Age
20:07 Double-Bit Axe
23:04 Castle Age
22:03 Horse Collar
23:10 Scale Barding Armor
23:16 Forging
23:19 Bloodlines
30:14 Chain Barding Armor
31:23 Fletching
mcriano22
7:43 Loom
10:09 Feudal Age
12:56 Champi Runner
14:24 Scale Mail Armor
18:01 Arson
22:37 Double-Bit Axe
23:05 Horse Collar
24:28 Forging
28:18 Castle Age
26:15 Town Watch
26:52 Gold Mining
27:37 Stone Mining
29:00 Squires
28:34 Champi Warrior
29:30 Bow Saw
31:22 Wheelbarrow
菜鸟不是菜
11:15 Feudal Age
16:55 Castle Age
23:34 Fletching
RickySuSo
0:39 Loom
11:06 Feudal Age
12:18 Double-Bit Axe
17:47 Fletching
23:05 Castle Age
21:40 Horse Collar
23:17 Crossbowman
24:02 Thumb Ring
23:23 Crossbowman
24:20 Bodkin Arrow
27:00 Padded Archer Armor
26:52 Gold Mining
29:16 Wheelbarrow
28:36 Town Watch
30:33 Hand Cart
31:43 Bow Saw
31:37 Heavy Plow
11++
7:19 Loom
9:30 Feudal Age
15:59 Fletching
16:56 Padded Archer Armor
19:13 Double-Bit Axe
24:24 Castle Age
22:20 Gold Mining
24:26 Crossbowman
25:26 Bodkin Arrow
26:55 Thumb Ring
28:28 Leather Archer Armor
30:46 Horse Collar
somohano89
5:27 Loom
9:20 Feudal Age
10:01 Double-Bit Axe
23:47 Castle Age
22:57 Forging
22:53 Scale Barding Armor
22:55 Gold Mining
27:02 Husbandry
30:01 Gold Shaft Mining
NTM.Barce
7:02 Loom
9:13 Feudal Age
9:42 Double-Bit Axe
9:38 Horse Collar
13:38 Town Watch
14:18 Forging
15:49 Scale Barding Armor
17:30 Wheelbarrow
21:00 Castle Age
19:36 Bloodlines
22:07 Bow Saw
22:20 Heavy Plow
23:05 Iron Casting
25:35 Fletching
29:09 Chain Barding Armor
29:33 Husbandry
32:04 Hand Cart
Connection lost

Rejoining the realm…

Still unreachable

The connection could not be restored.

Session expired

The server has moved on; the page needs a fresh start.